 Dungeon Crawl Stone Soup version 0.29.1-1-gd02db6906a (webtiles) character file.

Game seed: 2020471324809020045

7696 oldmanjim the Thaumaturge (level 11, 0/82 HPs)
             Began as a Djinni Fire Elementalist on Sept 19, 2022.
             Was a High Priest of Jiyva.
             Slain by a water moccasin (6 damage)
             ... on level 2 of the Lair of Beasts on Sept 24, 2022.
             The game lasted 01:54:53 (11033 turns).

oldmanjim the Thaumaturge (DjFE)                   Turns: 11033, Time: 01:54:54

Health: 0/82       AC:  8    Str: 10    XL:     11   Next: 42%
Gold:   278        EV: 14    Int: 22    God:    Jiyva [*****.] SH:  0 Dex: 13

rFire   + + .      SeeInvis +   a - +2 dagger (venom)
rCold   . . .      Faith    .   (no shield)
rNeg    . . .      Spirit   .   x - +2 robe {Will+}
rPois   ∞          Reflect  .   n - -1 helmet "Hyhonliofi" {Str+3}
rElec   .          Harm     .   l - +2 cloak
rCorr   +          Rampage  .   J - +0 pair of gloves
Will    ++...                   (boots unavailable)
Stlth   +++.......              (no amulet)
HPRegen 1.67/turn               t - ring of protection from cold
MPRegen 0.00/turn               (no ring)

@: radiating poison, flying
A: sickness immunity, fire resistance 2, cold vulnerability 1, float, innate
caster, HP casting, extra vitality 1, eyeballs 3, translucent skin 1
a: Renounce Religion, Oozemancy, Slimify


You were on level 2 of the Lair of Beasts.
You worshipped Jiyva.
Jiyva was extremely pleased with you.
You visited 3 branches of the dungeon, and saw 12 of its levels.
You also visited: Sewer.

You collected 460 gold pieces.
You spent 182 gold pieces at shops.

Inventory:

Hand Weapons
 a - a +2 dagger of venom (weapon)
 s - a +3 hammer
 w - a +4 dagger of protection
Missiles
 b - 29 stones
 z - 3 throwing nets
 E - 13 poisoned darts
 H - 4 atropa-tipped darts
 I - 2 boomerangs
Armour
 k - a +2 scale mail of cold resistance
 l - a +2 cloak (worn)
 n - the -1 helmet "Hyhonliofi" (worn) {Str+3}
   (You found it on level 2 of the Dungeon)

   Str:       It affects your strength (+3).
 o - +0 steam dragon scales
 x - a +2 robe of willpower (worn)
 J - a +0 pair of gloves (worn)
Jewellery
 t - a ring of protection from cold (left hand)
 F - a ring of ice
Wands
 y - a wand of mindburst (17)
 C - a wand of flame (13)
 K - a wand of iceblast (15)
Scrolls
 g - a scroll of magic mapping
 p - a scroll of enchant weapon
 q - 5 scrolls of vulnerability
 v - 2 scrolls of poison
Potions
 c - 4 potions of heal wounds
 d - 2 potions of might
 e - 2 potions of ambrosia
 f - a potion of cancellation {unknown}
 h - 5 potions of curing
 i - 3 potions of mutation
 j - 3 potions of lignification
 m - 4 potions of attraction
 r - a potion of brilliance {unknown}
 u - a potion of berserk rage
 A - 5 potions of haste


   Skills:
 + Level 8.5 Fighting
 - Level 1.0 Armour
 - Level 6.0 Dodging
 - Level 1.5 Stealth
 + Level 8.8 Spellcasting
 + Level 8.3 Evocations


You had one spell level left.
You knew the following spells:

 Your Spells              Type           Power      Damage    Failure   Level
a - Foxfire               Conj/Fire      100%       2x1d9     1%          1
b - Scorch                Fire           96%        2d10      1%          2
c - Conjure Flame         Conj/Fire      48%        6-21      1%          3
d - Inner Flame           Hex/Fire       48%        N/A       1%          3
e - Flame Wave            Conj/Fire      48%        2d12      1%          4
f - Magic Dart            Conj           100%       1d8       1%          1
g - Searing Ray           Conj           96%        2d7       1%          2
h - Poisonous Vapours     Pois/Air       96%        N/A       1%          2
i - Olgreb's Toxic Radia  Pois           48%        N/A       1%          4
j - Passage of Golubria   Tloc           48%        N/A       1%          4
Your spell library was empty.

Dungeon Overview and Level Annotations

Branches:
Dungeon (9/15)             Temple (1/1) D:6            Lair (2/5) D:8
  Swamp (0/4) Lair:2        Sewer (visited)
  Snake: Lair:2-3    Spider: Lair:2-3       Orc: D:9-12

Altars:
Cheibriados
Dithmenos
Fedhas
Hepliaklqana
Makhleb
Nemelex Xobeh
Okawaru
Qazlal
Trog
Uskayaw
Yredelemnul
Zin

Shops:
D:1 !!   D:3 (


Innate Abilities, Weirdness & Mutations

You are immune to sickness and miasma.
You are immune to poison.
Your flesh is very heat resistant. (rF++)
You are vulnerable to cold. (rC-)
You float through the air rather than walking.
You learn spells naturally, not from books.
Your magical power is your life essence.
You have superior vitality. (+4 MHP)
Your body is covered in eyes which may confuse attackers. (Acc +7, SInv)
Your translucent skin slightly reduces your foes' accuracy. (Stealth+)


Message History

You hit the hell rat.
The hell rat looks as sick as possible!
The hell rat is heavily wounded.
The hell rat seems less confused.
The water moccasin barely misses you.
The water moccasin bites you but does no damage.
The yak gores you!
Casting: Olgreb's Toxic Radiance (dangerous; 1% risk of failure)
Confirm with . or Enter, or press ? or * to list all spells.
You begin to radiate toxic energy.
The yak looks as sick as possible!
The yak is poisoned.
* * * LOW HITPOINT WARNING * * *
The komodo dragon looks even sicker.
The yak looks as sick as possible!
The yak looks even sicker.
The komodo dragon bites you but does no damage.
The water moccasin bites you.
* * * LOW HITPOINT WARNING * * *
The yak closely misses you.
The water moccasin attacks as you move away!
The water moccasin bites you but does no damage.
The yak attacks as you move away! The yak closely misses you.
The komodo dragon attacks as you move away!
The komodo dragon bites you!
* * * LOW HITPOINT WARNING * * *
The hell rat looks as sick as possible!
The komodo dragon looks even sicker.
The yak looks even sicker.
Your toxic aura wanes.
You feel much better.
You kill the yak!
The water moccasin bites you. The komodo dragon misses you.
The water moccasin misses you.
Unknown command.
Casting: Olgreb's Toxic Radiance (dangerous; 1% risk of failure)
Confirm with . or Enter, or press ? or * to list all spells.
You begin to radiate toxic energy.
The komodo dragon looks as sick as possible!
You kill the hell rat!
The komodo dragon bites you!!
* * * LOW HITPOINT WARNING * * *
You shudder from the blow and a jelly pops out!
The water moccasin bites you.
You die...

......#.......#.#..
......P.......#.P...
...........P........
......#.........#...
.....>.#............
.................#.#
./.......†..........
......†Sl†....###
......Y.@...†..#
.........J....##
..............#
.P#..###......# #
### #......##
##......# #......#
#......## #
.§.....#.##### .#


You could see a komodo dragon (extremely poisoned, ally target), a yak (very
poisoned), a water moccasin and a friendly quicksilver ooze (summoned).

Vanquished Creatures
  Harold (D:9)
  A catoblepas (Lair:2)
  A two-headed ogre (D:9)
  A komodo dragon (Lair:2)
  A kobold demonologist (D:9)
  4 blink frogs (Lair:1)
  7 yaks
  A steam dragon (D:9)
  3 vampire mosquitoes (D:8)
  4 water moccasins
  An ice beast (D:7)
  3 orc warriors
  2 ogres
  3 kobold brigands
  3 bullfrogs
  3 necrophages
  7 wights
  4 howler monkeys (D:7)
  2 hounds
  6 jellies
  A gnoll bouda (D:9)
  Crazy Yiuf (D:3)
  6 orc priests
  Ijyb (D:3)
  7 iguanas
  14 orc wizards
  A hell rat (Lair:2)
  6 adders
  5 gnolls
  A river rat (Sewer)
  A shadow imp (D:4)
  2 worms
  10 dart slugs
  20 orcs
  9 ball pythons
  7 bats
  24 endoplasms
  6 giant cockroaches
  4 hobgoblins
  8 jackals
  12 frilled lizards
  11 goblins
  8 kobolds
  9 rats
  A butterfly (Lair:2)
233 creatures vanquished.

Vanquished Creatures (collateral kills)
  A foxfire (D:9)
1 creature vanquished.

Vanquished Creatures (others)
  The ghost of keekatzer the Transmogrifier, a journeyman TrTm of Elyvilon (Lair:2)
  A two-headed ogre (D:8)
  Pikel (D:8)
  A slime creature (D:8)
  An ogre (D:6)
  A lemure (D:8)
  A bullfrog (Lair:2)
  11 jellies
  A wight (D:7)
  2 howler monkeys (D:7)
  An iguana (D:6)
  2 gnolls (D:6)
  2 orcs
  5 kobolds
  4 bushes (D:9)
  345 foxfires
  7 fungi
  6 plants
393 creatures vanquished.

Grand Total: 627 creatures vanquished

Notes
Turn   | Place    | Note
-------+----------+-------------------------------------------
     0 | D:1      | oldmanjim the Djinni Fire Elementalist began the quest for
                  | the Orb.
     0 | D:1      | oldmanjim set off with the following spells memorised:
                  | Foxfire, Scorch, Conjure Flame, Inner Flame, Flame Wave.
     0 | D:1      | Reached XP level 1. HP: 15/15 MP: 0/0
    70 | D:1      | Found Xuitt's Distillery.
    98 | D:1      | Reached XP level 2. HP: 16/21 MP: 0/0
   438 | D:1      | Reached XP level 3. HP: 23/25 MP: 0/0
   438 | D:1      | Learned a level 1 spell: Magic Dart
  1024 | D:1      | Reached XP level 4. HP: 31/31 MP: 0/0
  1115 | D:1      | Found Gaq Ept's Distillery.
  1360 | D:1      | Bought a potion of curing for 39 gold pieces
  1836 | D:2      | Reached XP level 5. HP: 33/35 MP: 0/0
  1836 | D:2      | Learned a level 2 spell: Searing Ray
  1935 | D:2      | Identified the -1 helmet "Hyhonliofi" {Str+3}
  2525 | D:3      | Noticed Ijyb
  2551 | D:3      | HP: 1/36 [orc priest/divine providence (11)]
  2938 | D:3      | Found Mumau's Weapon Emporium.
  2956 | D:3      | Found a shadowy altar of Dithmenos.
  3098 | D:3      | Found a runed translucent door.
  3099 | D:3      | Noticed Crazy Yiuf
  3107 | D:3      | Killed Crazy Yiuf
  3108 | D:3      | Reached skill level 1 in Fighting
  3585 | D:2      | Reached XP level 6. HP: 31/42 MP: 0/0
  3921 | D:3      | Killed Ijyb
  4026 | D:3      | Found a faded altar of an unknown god.
  4553 | D:1      | Bought a potion of degeneration for 13 gold pieces
  4553 | D:1      | Bought a potion of haste for 130 gold pieces
  4676 | D:4      | Noticed an ogre
  5007 | D:4      | Reached XP level 7. HP: 42/49 MP: 0/0
  5007 | D:4      | Learned a level 2 spell: Poisonous Vapours
  5294 | D:4      | Reached skill level 5 in Spellcasting
  5542 | D:4      | Found a stormy altar of Qazlal.
  5756 | D:5      | Entered Level 5 of the Dungeon
  5990 | D:5      | Reached XP level 8. HP: 54/58 MP: 0/0
  6009 | D:5      | Found a glowing drain.
  6018 | Sewer    | Entered a sewer
  6403 | Sewer    | Found a viscous altar of Jiyva.
  6468 | Sewer    | Became a worshipper of Jiyva Jammagry the Shapeless
  6818 | D:6      | Found a staircase to the Ecumenical Temple.
  6827 | Temple   | Entered the Ecumenical Temple
  7111 | D:6      | Reached skill level 1 in Evocations
  7260 | D:6      | Reached * piety under Jiyva
  7732 | D:7      | Reached skill level 5 in Fighting
  7734 | D:7      | Reached XP level 9. HP: 62/65 MP: 0/0
  7734 | D:7      | Learned a level 4 spell: Olgreb's Toxic Radiance
  7748 | D:7      | Identified the +0 leather armour "Hircheuko" {rF+ Dex+6}
  8233 | D:7      | Reached ** piety under Jiyva
  8309 | D:8      | Reached skill level 5 in Evocations
  8368 | D:8      | Noticed a two-headed ogre
  8433 | D:8      | Killed Pikel
  8437 | D:8      | Noticed a slime creature
  8439 | D:8      | Noticed a slime creature
  8441 | D:8      | Noticed a slime creature
  8442 | D:8      | Noticed a slime creature
  8660 | D:8      | Found a staircase to the Lair.
  8748 | D:8      | Killed a slime creature
  8752 | D:8      | Killed a two-headed ogre
  9071 | D:8      | Found a staircase to the Lair.
  9369 | D:9      | Noticed a two-headed ogre
  9384 | D:9      | Killed a two-headed ogre
  9385 | D:9      | Reached skill level 5 in Dodging
  9385 | D:9      | Reached XP level 10. HP: 71/72 MP: 0/0
  9512 | D:9      | Found a sparkling altar of Nemelex Xobeh.
  9569 | D:9      | Reached *** piety under Jiyva
  9634 | D:9      | Noticed Harold
  9672 | D:9      | Killed Harold
  9715 | D:9      | Gained mutation: Your body has grown eyes which may confuse
                  | attackers. (Acc +3) [Jiyva's grace]
  9715 | D:9      | Gained mutation: Your body has grown many eyes which may
                  | confuse attackers. (Acc +5) [Jiyva's grace]
  9715 | D:9      | Gained mutation: Your body is covered in eyes which may
                  | confuse attackers. (Acc +7, SInv) [Jiyva's grace]
  9715 | D:9      | Gained mutation: Your translucent skin slightly reduces
                  | your foes' accuracy. (Stealth+) [Jiyva's grace]
  9830 | D:9      | Noticed a kobold demonologist
  9837 | D:9      | Noticed a sun demon
  9842 | D:9      | Killed a kobold demonologist
  9855 | D:9      | Found a glowing silver altar of Zin.
 10001 | D:9      | Reached **** piety under Jiyva
 10434 | Lair:1   | Entered Level 1 of the Lair of Beasts
 10527 | Lair:1   | Reached skill level 1 in Armour
 10550 | Lair:1   | Reached XP level 11. HP: 66/79 MP: 0/0
 10550 | Lair:1   | Learned a level 4 spell: Passage of Golubria
 10771 | Lair:1   | Found a shadowy altar of Dithmenos.
 10961 | Lair:2   | Noticed a swamp dragon
 10961 | Lair:2   | Found a staircase to the Swamp.
 10993 | Lair:2   | Reached ***** piety under Jiyva
 10993 | Lair:2   | Noticed a catoblepas
 10994 | Lair:2   | Killed keekatzer's ghost
 11025 | Lair:2   | Killed a catoblepas
 11033 | Lair:2   | Slain by a water moccasin

Illustrated notes

Levels and vault maps discovered:
D:1:      lightli_iron_boxes, layout_basic, serial_shops, shop,
          nicolae_shop_stone
D:2:      layout_rooms, minivault_26, nicolae_figureground_pulse
D:3:      layout_basic, mainiacjoe_overflow_alcove_1, serial_shops, shop,
          shapermc_ecumenical_altar_acropolis, uniq_ijyb,
          uniq_crazy_yiuf_cottage
D:4:      layout_basic, kennysheep_mini
D:5:      layout_cave_pools, cheibrodos_sewer_entry_bend
D:6:      layout_basic, minmay_temple_entry_proselytizer, kennysheep_nondescript
D:7:      layout_layer_cave, nicolae_sif_muna_little_library
D:8:      layout_cave_pools, lair_entry_dummy, uniq_pikel
D:9:      layout_basic, lemuel_tele_altar, mainiacjoe_overflow_chevrons,
          minmay_stone_trees_small, uniq_harold
Temple:   hellmonk_temple_micro_hex
Lair:1:   layout_misc_corridors, basic_altar
Lair:2:   layout_chaotic_city, minmay_swamp_entry_reptiles,
          gammafunk_ghost_ooze, nicolae_lair_lakeside_cave, lemuel_fruit_fields

Skill      XL: |  1  2  3  4  5  6  7  8  9 10 11 |
---------------+----------------------------------+-----
Spellcasting   | 3 4 5 6 7 8 |  8.8
Fighting       | 1 2 3 5 7 8 |  8.5
Dodging        | 3 4 5 6 |  6.0
Evocations     | 2 5 7 8 |  8.3
Armour         | 1 |  1.0
Stealth        | |  1.5

Action                   |  1- 3 |  4- 6 |  7- 9 | 10-12 || total
-------------------------+-------+-------+-------+-------++-------
Melee: Dagger            |       |       |     2 |    12 ||    14
       Punch             |       |       |       |     1 ||     1
 Cast: Foxfire           |    44 |    85 |    67 |     8 ||   204
       Scorch            |       |    26 |    34 |    28 ||    88
       Conjure Flame     |       |     3 |     5 |     8 ||    16
       Searing Ray       |       |     3 |    17 |    27 ||    47
       Inner Flame       |       |     1 |    14 |    14 ||    29
       Poisonous Vapours |       |       |    11 |    11 ||    22
       Flame Wave        |       |       |     3 |     2 ||     5
       Olgreb's Toxic Ra |       |       |     4 |    15 ||    19
       Magic Dart        |       |       |       |     2 ||     2
       Passage of Golubr |       |       |       |     1 ||     1
  Use: Scroll            |       |     4 |    13 |     1 ||    18
       Potion            |       |       |       |     2 ||     2
 Stab: Petrified         |       |       |       |     5 ||     5
Armor: Robe              |       |       |    20 |    27 ||    47
Dodge: Dodged            |     1 |     6 |    39 |    51 ||    97
